 Dungeon Crawl Stone Soup version 0.31-a0-609-g7bf6ffcfed (console) character file.

Game seed: 939418130256673888

0 petzl the Sneak (level 1, 0/18 HPs)
             Began as a Formicid Delver on Aug 22, 2023.
             Succumbed to an adder's poison
             ... on level 5 of the Dungeon.
             The game lasted 00:01:40 (111 turns).

petzl the Sneak (Formicid Delver)                    Turns: 111, Time: 00:01:41

Health: 0/18       AC:  3    Str: 16    XL:     1   Next: 11%
Magic:  1/1        EV: 12    Int:  9    God:
Gold:   0          SH:  0    Dex: 15    Spells: 0/0 levels left

rFire   . . .        j - +0 trident
rCold   . . .        (no shield)
rNeg    . . .        b - +0 leather armour
rPois   .            (helmet unavailable)
rElec   .            (no cloak)
rCorr   .            (no gloves)
SInv    +            (no boots)
Will    .....        (no amulet)
Stlth   +++          (no ring)
HPRegen 0.23/turn    (no ring)
MPRegen 0.07/turn

%: no passive effects
@: brilliant, lethally poisoned (0 -> -1)
A: permanent stasis, dig shafts and tunnels, antennae 3, four strong arms
a: Dig, Shaft Self


You were on level 5 of the Dungeon.
You visited 1 branch of the dungeon, and saw 3 of its levels.

Inventory:

Hand Weapons
 a - a +0 mace
 j - a +0 trident (weapon)
Armour
 b - a +0 leather armour (worn)
Wands
 f - a wand of digging (3)
Scrolls
 c - a scroll of fog
 d - a scroll of revelation
 e - a scroll of fear


   Skills:
 - Level 3.2 Fighting
 - Level 2.0 Maces & Flails
 - Level 1.7 Dodging
 - Level 6.0 Stealth
 + Level 0.2 Spellcasting


You couldn't memorise any spells.
You didn't know any spells.
Your spell library was empty.

Dungeon Overview and Level Annotations

Branches:
Dungeon (6/15)
 Temple: D:4-7

Altars:


Innate Abilities, Weirdness & Mutations

You cannot be hasted, slowed, berserked, paralysed or teleported.
You can dig through walls and to a lower floor.
You have a pair of large antennae on your head. (SInv)
Your four strong arms can wield two-handed weapons with a shield.


Message History

It was a potion of brilliance.
You feel clever all of a sudden.
* * * LOW HITPOINT WARNING * * *
You feel very sick. The adder barely misses you.
It was a potion of curing.
You feel better. The adder bites you.
You miss the adder. The adder barely misses you. x2
You barely miss the adder. The adder misses you. The adder barely misses you.
You barely miss the adder. The adder misses you.
You closely miss the adder. The adder bites you. x2
You puncture the adder!
The adder is almost dead.
The adder bites you.
You are poisoned.
The adder poisons you! The adder barely misses you.
Are you sure you want to shaft yourself?
You feel sick. The adder bites you.
* * * LOW HITPOINT WARNING * * *
You begin to dig a shaft.
You continue digging a shaft.
* * * LOW HITPOINT WARNING * * *
You feel sick. The adder closely misses you. A shaft appears beneath you!
You fall into a shaft and drop 1 floor!
The shaft crumbles and collapses.
* * * LOW HITPOINT WARNING * * *
You feel sick.
Unknown command.
Unknown command.
Unknown command.
As you read the scroll labelled NEATTAS JILITRA, it crumbles to dust.
It is a scroll of identify.
You don't currently have any unidentified items.
* * * LOW HITPOINT WARNING * * *
You feel sick.
Unknown command.
* * * LOW HITPOINT WARNING * * *
You feel sick.
* * * LOW HITPOINT WARNING * * *
You feel sick.
You die...

#######...
##.......#
#####..#######
#...@.##
#.#####


There were no monsters in sight!

Vanquished Creatures
  A kobold (D:4)
1 creature vanquished.

Notes
Turn   | Place    | Note
-------+----------+-------------------------------------------
     0 | D:5      | petzl the Formicid Delver began the quest for the Orb.
     0 | D:5      | Reached XP level 1. HP: 18/18 MP: 1/1
    56 | D:6      | Noticed a wight
    56 | D:6      | Noticed a jelly
   107 | D:4      | You fall into a shaft and drop 1 floor!
   111 | D:5      | Succumbed to an adder's poison

Illustrated notes

Levels and vault maps discovered:
D:4:      layout_basic, grunt_ministairs_11
D:5:      layout_rooms, tgw_sif, mainiacjoe_overflow_tiny_flanked,
          serial_rivers, chequers_serial_rivers_small_3,
          chequers_serial_rivers_small_b, chequers_serial_rivers_small_3,
          chequers_serial_rivers_micro_e, st_stairs_1, grunt_decor_resistance,
          minmay_tree_intersection
D:6:      layout_loops_cross, nemelex_xobeh_ov_fountains_minmay,
          minmay_temple_entry_butterflies, ebering_ghost_sewer_f, minivault_23,
          grunt_decor_arrowhead

Action                     || total
---------------------------++-------
  Melee: Trident           ||    10
  Throw: Stone             ||     1
Ability: Shaft Self        ||     1
    Use: Potion            ||     2
         Scroll            ||     1
  Dodge: Dodged            ||    10

Table legend: (Time is in decaauts)
 A = Elapsed time spent in this place.
 B = Non-inter-level travel time spent in this place.
 C = Inter-level travel time spent in this place.
 D = Time resting spent in this place.
 E = Time spent auto-exploring this place.
 F = Levels seen in this place.
 G = Mean time per level.
                   A        B        C        D        E       F      G
               +--------+--------+--------+--------+--------+-----+--------+
         Total |    113 |    113 |      0 |      0 |      0 |   3 |   37.7 |
       Dungeon |    113 |    113 |      0 |      0 |      0 |   3 |   37.7 |
               +--------+--------+--------+--------+--------+-----+--------+

Top non-repeatable levels by time:
     D:6: 46 daAuts
     D:5: 41 daAuts
     D:4: 25 daAuts
